 Dungeon Crawl Stone Soup version 0.26-b1-32-g5d43845318 (webtiles) character file.

Game seed: 6929530541164757152

36 mopl the Martial Artist (level 3, -5/22 (28) HPs)
             Began as a Gnoll Wanderer on Jan 11, 2021.
             Killed by nerve-wracking pain
             ... invoked by Jessica
              (13 damage)
             ... on level 2 of the Dungeon.
             The game lasted 00:01:41 (1120 turns).

mopl the Martial Artist (Gnoll Wanderer)            Turns: 1120, Time: 00:01:42

HP:   -5/22 (28)    AC:  5    Str: 14    XL:     3   Next: 37%
MP:   4/4           EV: 12    Int: 13    God:
Gold: 88            SH:  0    Dex: 16    Spells: 3/3 levels left

rFire    . . .     SeeInvis .   q - -3 quarterstaff (curse)
rCold    . . .     Faith    .   (shield currently unavailable)
rNeg     . . .     Spirit   .   b - +0 ring mail
rPois    +         Reflect  .   (no helmet)
rElec    .         Harm     .   (no cloak)
rCorr    .         Rampage  .   (no gloves)
Will     .....                  (no boots)
Stlth    +.........             k - amulet of magic regeneration
HPRegen  0.07/turn              r - ring of poison resistance
MPRegen  0.34/turn              (no ring)

@: heavily drained
A: distributed training, fangs 1, strong nose
a: no special abilities


You were on level 2 of the Dungeon.
You visited 1 branch of the dungeon, and saw 2 of its levels.

You collected 88 gold pieces.

Inventory:

Hand Weapons
 a - a +0 dagger
 q - a cursed -3 quarterstaff (weapon)
Missiles
 m - 4 boomerangs (quivered)
Armour
 b - a +0 ring mail (worn)
 o - a +0 scale mail
Jewellery
 k - an amulet of magic regeneration (around neck)
 r - a ring of poison resistance (left hand)
Scrolls
 e - 2 scrolls of magic mapping {unknown}
 f - 2 scrolls of amnesia {unknown}
 g - 2 scrolls of identify {unknown}
 h - a scroll of noise {unknown}
 l - a scroll of fear {unknown}
 n - a scroll of teleportation {unknown}
 s - a scroll of remove curse {unknown}
 t - 3 scrolls of blinking {unknown}
Potions
 c - a potion of lignification {!q}
 d - 2 potions of berserk rage {!q}
 i - a potion of brilliance {unknown}
 j - a potion of resistance {unknown}
 p - a potion of cancellation {unknown}


   Skills:
 + Level 2.6 Fighting
 + Level 0.7 Short Blades
 + Level 0.7 Long Blades
 + Level 0.7 Axes
 + Level 2.6 Maces & Flails
 + Level 0.7 Polearms
 + Level 0.7 Staves
 + Level 0.7 Slings
 + Level 0.7 Bows
 + Level 0.7 Crossbows
 + Level 0.7 Throwing
 + Level 2.6 Armour
 + Level 2.6 Dodging
 + Level 0.7 Stealth
 + Level 2.6 Shields
 + Level 8.5 Unarmed Combat
 + Level 0.7 Spellcasting
 + Level 0.5 Conjurations
 + Level 0.5 Hexes
 + Level 0.5 Summonings
 + Level 0.5 Necromancy
 + Level 0.5 Translocations
 + Level 0.5 Transmutations
 + Level 0.5 Fire Magic
 + Level 0.5 Ice Magic
 + Level 0.5 Air Magic
 + Level 0.5 Earth Magic
 + Level 0.5 Poison Magic
 + Level 0.9 Invocations
 + Level 2.6 Evocations


You had 3 spell levels left.
You didn't know any spells.
Your spell library was empty.

Dungeon Overview and Level Annotations

Branches:
Dungeon (2/15)

Altars:

Annotations:
D:2 Jessica


Innate Abilities, Weirdness & Mutations

Your experience applies equally to all skills.
You have very sharp teeth.
Your uncanny sense of smell can sniff out nearby items.


Message History

No target in view!
No target in view!
Jessica casts a spell.
Jessica blinks!
You see here a dagger.
No target in view!
No target in view!
Jessica casts a spell.
Jessica blinks!
Jessica gestures at you while chanting. Pain shoots through your body!
Jessica points at you and mumbles some strange words.
Pain shoots through your body!
You are too injured to fight recklessly!
You are too injured to fight recklessly!
You are too injured to fight recklessly!
Jessica points at you and mumbles some strange words.
Pain shoots through your body!
Ouch! That really hurt!
You die...

##### #...#########
#...........#
#...........#
#@.........#
#..........#
#.@........#######!
#...............)..
####..................
#.........)...........
#.............###.....
#.....................
####..####.######.....
#..####+#### ..##+#
#..##......# ..#


You could see Jessica (fast).

Vanquished Creatures
  An adder (D:2)
  A dart slug (D:1)
  4 bats
  A giant cockroach (D:1)
  3 goblins (D:1)
  4 hobgoblins (D:1)
  4 kobolds (D:1)
  2 frilled lizards
  5 rats
25 creatures vanquished.

Notes
Turn   | Place    | Note
-------+----------+-------------------------------------------
     0 | D:1      | mopl the Gnoll Wanderer began the quest for the Orb.
     0 | D:1      | mopl set off with the following items: a +0 dagger, a +0
                  | ring mail, a potion of lignification {!q}, 2 potions of
                  | berserk rage {!q}
     0 | D:1      | Reached XP level 1. HP: 17/17 MP: 1/1
   149 | D:1      | Reached XP level 2. HP: 14/23 MP: 2/2
   796 | D:1      | Reached XP level 3. HP: 28/28 MP: 3/3
  1094 | D:2      | Noticed Jessica
  1120 | D:2      | Killed from afar by Jessica

Illustrated notes

Levels and vault maps discovered:
D:1:      dpeg_arrival_another_circle, layout_basic, corexii_leaking_fountain,
          minivault_24
D:2:      layout_basic, marbit_many_paths, uniq_jessica

Action                   || total
-------------------------++-------
Melee: Dagger            ||    97
       Bite              ||    11
       Punch             ||     5
       Quarterstaff      ||    16
Armor: Ring mail         ||    45
Dodge: Dodged            ||    56
